 Dungeon Crawl Stone Soup version 0.30-a0-304-gdc4b735fe1 (webtiles) character file.

Game seed: 7356505425799930512

16 Sobieck the Sneak (level 2, -6/15 HPs)
             Began as a Kobold Earth Elementalist on Oct 20, 2022.
             Killed from afar by Sigmund (9 damage)
             ... with a puff of flame
             ... on level 2 of the Dungeon.
             The game lasted 00:01:42 (759 turns).

Sobieck the Sneak (Kobold Earth Elementalist)        Turns: 759, Time: 00:01:43

Health: -6/15      AC:  3    Str:  5    XL:     2   Next: 70%
Magic:  1/5        EV: 15    Int: 16    God:
Gold:   62         SH:  0    Dex: 15    Spells: 2/5 levels left

rFire   . . .      SeeInvis .    a - +0 short sword {short}
rCold   . . .      Faith    .    (no shield)
rNeg    . . .      Spirit   .    d - +0 robe
rPois   .          Reflect  .    (no helmet)
rElec   .          Harm     .    (no cloak)
rCorr   .          Rampage  .    r - +0 pair of gloves
Will    .....                    (no boots)
Stlth   +++.......               (no amulet)
HPRegen 0.22/turn                (no ring)
MPRegen 0.09/turn                (no ring)

@: no status effects
A: small, no large weapons, nightstalker 3
a: no special abilities


You were on level 2 of the Dungeon.
You visited 1 branch of the dungeon, and saw 2 of its levels.

You collected 62 gold pieces.


Innate Abilities, Weirdness & Mutations

You are small and have problems with some larger weapons.
You are completely attuned to the shadows.


   Skills:
 - Level 2.4 Dodging
 * Level 3.6 Stealth
 + Level 2.4 Spellcasting
 - Level 1.0 Transmutations
 + Level 3.2 Earth Magic


You had 2 spell levels left.
You knew the following spells:

 Your Spells              Type           Power      Damage    Failure   Level
a - Sandblast             Erth           24%        2d8       5%          1
b - Passwall              Tmut/Erth      6%         N/A       13%         2

Your spell library contained the following spells:

 Spells                   Type           Power      Damage    Failure   Level
 Stone Arrow              Conj/Erth      14%        3d7       30%         3
 Petrify                  Tmut/Erth      8%         N/A       63%         4

Inventory:

Hand Weapons
 a - a +0 short sword (weapon) {short}
   (You took it off a kobold on level 1 of the Dungeon)
 j - a +0 sling
   (You found it on level 1 of the Dungeon)
Missiles
 f - 4 stones {throwing}
Armour
 d - a +0 robe (worn)
 g - a +0 robe
   (You found it on level 1 of the Dungeon)
 o - a +0 leather armour
   (You found it on level 1 of the Dungeon)
 r - a +0 pair of gloves (worn)
   (You found it on level 1 of the Dungeon)
Scrolls
 l - a scroll of amnesia {unknown}
 m - 2 scrolls of poison {unknown}
 p - a scroll of vulnerability {unknown}
Potions
 b - a potion of magic
 c - a potion of degeneration {unknown}
 e - a potion of ambrosia {unknown}
 h - a potion of might {unknown}
 i - 2 potions of curing {unknown}
 k - a potion of lignification {unknown}
 n - a potion of cancellation {unknown}
 q - a potion of heal wounds {unknown}

Dungeon Overview and Level Annotations

Branches:
Dungeon (2/15) Zot: 11226

Altars:

Annotations:
D:2 Sigmund

#..........#
#..........#
#..........#
#.....@....#
#..........#
###@#+######
####.#.#
#..<...#
#.###..#
........# .
#.###<# #
###


You could see Sigmund.


Message History

Unknown command.
Unknown command.
You start resting.
Unknown command.
Unknown command.
A rat comes into view.
Danger!
You miscast Sandblast.
You are very lightly contaminated with residual magic.
Nothing appears to happen.
Unknown command.
The blast of sand hits the rat.
You kill the rat!
Unknown command.
Your magical contamination has completely faded away.
Unknown command.
q - a yellow potion Unknown command.
A giant cockroach comes into view.
Danger!
The blast of sand hits the giant cockroach!
You kill the giant cockroach!
You now have 62 gold pieces (gained 11).
r - a +0 pair of gloves Unknown command.
You start putting on your armour.
You continue putting on your +0 pair of gloves. x4
You finish putting on your +0 pair of gloves.
You see here a rat corpse.
An endoplasm comes into view.
Danger!
The blast of sand hits the endoplasm!
You kill the endoplasm!
Found an escape hatch in the floor.
Unknown command.
Done exploring.
(D) Dungeon
Where to? (? - help)
There is a staircase leading out of the dungeon here.
There is a stone staircase leading down here.
You climb downwards.
There is a stone staircase leading up here.
Unknown command.
Unknown command.
Unknown command.
Found a stone staircase leading up.
Unknown command.
There is a stone staircase leading up here.
Sigmund the Dreaded comes into view.
He is wielding a +0 scythe of freezing and wearing a +2 robe of willpower.
Danger!
Unknown command.
Unknown command.
Unknown command.
Memorise Passwall, consuming 2 spell levels and leaving 2?
You start memorising the spell.
You continue memorising. x2
You finish memorising.
Spell assigned to 'b'.
Casting: Sandblast (safe; 5% risk of failure)
Confirm with . or Enter, or press ? or * to list all spells.
Aiming: Passwall (safe; 13% risk of failure)
Press: ? - help, Dir - move target A rock wall.
You begin to meditate on the wall.
You continue meditating on the rock. x2
You finish merging with the rock.
Danger!
Unknown command.
The helpless Sigmund fails to defend himself.
You puncture Sigmund! Sigmund hits you but does no damage.
Unknown command.
Unknown command.
Casting: Passwall (safe; 13% risk of failure)
Confirm with . or Enter, or press ? or * to list all spells.
Aiming: Sandblast (safe; 5% risk of failure)
Press: ? - help, Shift-Dir - straight line, f - Sigmund
Aim: Sigmund, wielding a +0 scythe of freezing and wearing a +2 robe of willpower (moderately wounded, 80% to hit)
The blast of sand hits Sigmund.
Sigmund hits you with a +0 scythe of freezing.
Sigmund freezes you.
Casting: Sandblast (safe; 5% risk of failure)
Confirm with . or Enter, or press ? or * to list all spells.
Aiming: Sandblast (safe; 5% risk of failure)
Press: ? - help, Shift-Dir - straight line, f/p - Sigmund
Aim: Sigmund, wielding a +0 scythe of freezing and wearing a +2 robe of willpower (heavily wounded, 80% to hit)
The blast of sand misses Sigmund.
Sigmund barely misses you.
Casting: Sandblast (safe; 5% risk of failure)
Confirm with . or Enter, or press ? or * to list all spells.
Aiming: Sandblast (safe; 5% risk of failure)
Press: ? - help, Shift-Dir - straight line, f/p - Sigmund
Aim: Sigmund, wielding a +0 scythe of freezing and wearing a +2 robe of willpower (heavily wounded, 80% to hit)
The blast of sand misses Sigmund.
Sigmund misses you.
Unknown command.
Unknown command.
Sigmund hits you but does no damage. Sigmund gestures at you while chanting.
The magic dart hits you!
Ouch! That really hurt!
* * * LOW HITPOINT WARNING * * *
Sigmund casts a spell at you. The puff of flame hits you!
Ouch! That really hurt!
You die...

Skill      XL: |  1 |
---------------+----+-----
Stealth        | 3 |  3.6
Dodging        | |  2.4
Spellcasting   | |  2.4
Transmutations | |  1.0
Earth Magic    | |  3.2

Action                   || total
-------------------------++-------
Melee: Short sword       ||     1
 Fire: Sling             ||    14
 Cast: Sandblast         ||    19
       Passwall          ||     1
 Stab: Sleeping          ||     1
Armor: Robe              ||     3
Dodge: Dodged            ||    15

Levels and vault maps discovered:
D:1:      dreamdust_arrival_sigmund_warning, layout_rooms
D:2:      layout_basic, uniq_sigmund

Notes
Turn   | Place    | Note
-------+----------+-------------------------------------------
     0 | D:1      | Sobieck the Kobold Earth Elementalist began the quest for
                  | the Orb.
     0 | D:1      | Reached XP level 1. HP: 10/10 MP: 3/3
   110 | D:1      | Reached skill level 3 in Stealth
   332 | D:1      | Reached XP level 2. HP: 15/15 MP: 1/5
   742 | D:2      | Noticed Sigmund
   749 | D:2      | Learned a level 2 spell: Passwall
   758 | D:2      | HP: 2/15 [Sigmund/magic dart (8)]
   759 | D:2      | Killed from afar by Sigmund

Vanquished Creatures
  A bat (D:1)
  3 endoplasms (D:1)
  2 giant cockroaches (D:1)
  A hobgoblin (D:1)
  2 kobolds (D:1)
  A quokka (D:1)
  4 rats (D:1)
14 creatures vanquished.

Table legend:
 A = Non-vault XP
 B = Vault XP
 C = Vault XP percentage of total XP
 D = Non-vault monster count
 E = Vault monster count
 F = Vault count percentage of total count
                 A         B        C        D         E       F
            +---------+---------+-------+---------+---------+-------
      Total |      23 |       0 |   0.0 |      14 |       0 |   0.0
            +---------+---------+-------+---------+---------+-------
        D:1 |      23 |       0 |   0.0 |      14 |       0 |   0.0
            +---------+---------+-------+---------+---------+-------

Illustrated notes

Table legend:
 A = Kills in this place as a percentage of kills in entire the game.
 B = Kills by you in this place as a percentage of kills by you in the entire game.
 C = Kills by friends in this place as a percentage of kills by friends in the entire game.
 D = Other kills in this place as a percentage of other kills in the entire game.
 E = Experience gained in this place as a percentage of experience gained in the entire game.
 F = Experience gained in this place divided by the number of levels of this place that you have seen.
                   A       B       C       D       E      F
               +-------+-------+-------+-------+-------+----------------------
         Total | 100.0 | 100.0 |   N/A |   N/A | 100.0 |  11.5
       Dungeon | 100.0 | 100.0 |   N/A |   N/A | 100.0 |  11.5
               +-------+-------+-------+-------+-------+----------------------

Table legend: (Time is in decaauts)
 A = Elapsed time spent in this place.
 B = Non-inter-level travel time spent in this place.
 C = Inter-level travel time spent in this place.
 D = Time resting spent in this place.
 E = Time spent auto-exploring this place.
 F = Levels seen in this place.
 G = Mean time per level.
                   A        B        C        D        E       F      G
               +--------+--------+--------+--------+--------+-----+--------+
         Total |    772 |    742 |     30 |     77 |    551 |   2 |  386.0 |
       Dungeon |    772 |    742 |     30 |     77 |    551 |   2 |  386.0 |
               +--------+--------+--------+--------+--------+-----+--------+

Top non-repeatable levels by time:
     D:1: 748 daAuts
     D:2: 24 daAuts
